Cogmind - Beta 12 @@@ ROGUE MODE // 2023.10.18 @ 08:19:49 Player: Beans Result: Self-destructed Performance ------------- Evolutions (1) 500 Regions Visited (3) 600 Robots Destroyed (16) 80 Value Destroyed (266) 266 Prototype IDs (0) 0 Alien Tech Used (0) 0 Bonus (0) 0 TOTAL SCORE: 1446 Bonus ------- None Cogmind --------- Core Integrity 321/400 Matter 247/300 Energy 125/125 System Corruption 0% Temperature Cool (26) Movement Core (100) Ox1 Location -9/Materials Parts ------- > --- POWER (1) -------- Light Ion Engine > --- PROPULSION (2) --- (None) > --- UTILITY (4) ------ Signal Interpreter Improved Terrain Scanner Seismic Detector > --- WEAPON (2) ------- (None) > --- INVENTORY (5) ---- Light Ion Engine Aluminum Leg Sensor Array Light Armor Plating Mining Laser Peak State ------------ > --- POWER ------------ Improved Ion Engine > --- PROPULSION ------- Aluminum Leg Aluminum Leg > --- UTILITY ---------- Sensor Array Improved Terrain Scanner Seismic Detector Light Armor Plating > --- WEAPON ----------- Medium Laser Assault Rifle > --- INVENTORY -------- Wheel Sensor Array Small Laser Mining Laser [Rating: 12] Favorites ----------- Power Improved Ion Engine Engine Improved Ion Engine Propulsion Aluminum Leg Leg Aluminum Leg Flight Unit Flight Unit Utility Improved Terrain Scanner Device Improved Terrain Scanner Storage Small Storage Unit Processor Signal Interpreter Protection Light Armor Plating Weapon Medium Laser Energy Gun Medium Laser Ballistic Gun Assault Rifle Special Weapon Mining Laser Build | -11 -10 -10 -9 ------- Run | Jun Mat Min Mat Slots Evolved 2 | . . . 2 Power . | . . . . Propulsion . | . . . . Utility 2 | . . . 2 Weapon . | . . . . Parts Attached 21 | 7 2 4 8 Power 3 | 1 . 1 1 Engine 3 | 1 . 1 1 Core . | . . . . Reactor . | . . . . Propulsion 7 | 2 1 1 3 Treads . | . . . . Leg 4 | 2 1 1 . Wheel . | . . . . Hover . | . . . . Flight 3 | . . . 3 Utility 6 | 2 1 . 3 Device 3 | 1 1 . 1 Storage 1 | 1 . . . Processor 1 | . . . 1 Hackware . | . . . . Protection 1 | . . . 1 Artifact . | . . . . Weapon 5 | 2 . 2 1 Energy Gun 2 | 1 . . 1 Energy Cannon . | . . . . Ballistic Gun 2 | 1 . 1 . Ballistic Cannon . | . . . . Launcher . | . . . . Special Weapon 1 | . . 1 . Impact Weapon . | . . . . Slashing Weapon . | . . . . Piercing Weapon . | . . . . Special Melee Weapon . | . . . . Unidentified Prototypes . | . . . . Parts Lost 4 | . . . 4 Power . | . . . . Propulsion 2 | . . . 2 Utility 1 | . . . 1 Weapon 1 | . . . 1 Highest Loss Streak 4 | . . . 4 To Critical Strikes . | . . . . Average Slot Usage (%) 97 | . 99 100 84 Engine 13 | . 14 14 11 Leg 25 | . 28 28 13 Flight 1 | . . . 7 Device 26 | . 23 28 31 Storage 1 | . 4 . . Energy Gun 13 | . 14 14 9 Ballistic Gun 12 | . 14 13 6 Naked Turns . | . . . . Heaviest Build 15 | 15 15 13 14 Greatest Support 20 | 20 20 20 20 Greatest Overweight (x) 1 | 1 . . 1 Average Overweight (x) . | . . . . Largest Inventory Capacity 8 | 8 8 5 5 Average Capacity 5 | 7 6 5 5 Most Carried 5 | 5 5 5 5 Average Carried 4 | 2 4 4 4 Final Capacity 8 | 8 5 5 5 Final Carried 5 | 4 5 5 5 Class Distribution -------------------- 61% | Mutant 38% | Scavenger-Mutant Dominant Class ---------------- Mutant | -10/Materials Scavenger-Mutant | -10/Mines Scavenger-Mutant | -9/Materials Resources | -11 -10 -10 -9 ----------- Run | Jun Mat Min Mat Matter Collected 454 | 286 73 64 31 Remotely . | . . . . Salvage Created 495 | 118 155 109 113 Parts 34 | 7 7 8 12 Haulers Intercepted 1 | . 1 . . Recyclers Shooed 3 | . 3 . . Parts Field Recycled . | . . . . Retrieved Matter . | . . . . Parts Self-Destructed . | . . . . Prevented . | . . . . Kills | -11 -10 -10 -9 ------- Run | Jun Mat Min Mat Combat Hostiles Destroyed 11 | . 2 2 7 Guns 11 | . 2 2 7 Classes Destroyed 7 | 2 3 1 1 Tunneler 2 | 2 . . . Hauler 1 | . 1 . . Recycler 1 | 1 . . . Watcher 1 | . 1 . . Swarmer 7 | . . . 7 Grunt 2 | . 2 . . Sentry 2 | . . 2 . Best Kill Streak 4 | 2 2 2 4 Combat Bots Only 4 | . 1 2 4 Max Kills in Single Turn 2 | 1 1 1 2 Gunslinging 1 | . . . 1 Exploded . | . . . . Melee . | . . . . Uniques/NPCs Destroyed . | . . . . Combat | -11 -10 -10 -9 -------- Run | Jun Mat Min Mat Damage Taken 695 | . 66 252 377 Core 172 | . 23 70 79 Absorbed by Shields . | . . . . Core Remaining (%) 81 | 100 . 62 . Volleys Fired 57 | 6 17 9 25 Largest 2 | 2 2 2 2 Hottest 100 | 70 70 100 70 Shots Fired 96 | 12 34 17 33 Gun 95 | 12 34 16 33 Cannon . | . . . . Launcher . | . . . . Special 1 | . . 1 . Kinetic 39 | 6 17 8 8 Thermal 57 | 6 17 9 25 Explosive . | . . . . Electromagnetic . | . . . . Robot Hit Streak 12 | 5 10 12 4 Robot Miss Streak 4 | 1 4 1 2 Penetration Max . | . . . . Secondary Targets 2 | . . . 2 Max Gunslinging Chain 1 | . . . 1 Shots Hit Robots 62 | 7 23 13 19 Core Hits 23 | 4 7 4 8 Critical Kills . | . . . . Critical Parts Destroyed . | . . . . Critical Strikes 1 | . 1 . . Burn 1 | . 1 . . Melee Attacks . | . . . . Impact . | . . . . Slashing . | . . . . Piercing . | . . . . Sneak Attacks . | . . . . Combat Hostiles . | . . . . Follow-up Attacks . | . . . . Damage Inflicted 684 | 86 260 113 225 Guns 678 | 86 254 113 225 Cannons . | . . . . Explosions . | . . . . Melee . | . . . . Ramming 6 | . 6 . . Kinetic 292 | 49 128 63 52 Thermal 386 | 37 126 50 173 Explosive . | . . . . Electromagnetic . | . . . . Impact . | . . . . Slashing . | . . . . Piercing . | . . . . Highest Corruption . | . . . . Average Corruption . | . . . . Corruption Purged . | . . . . Corruption Blocked . | . . . . Overload Shots . | . . . . Overflow Damage . | . . . . Projectiles . | . . . . Explosions . | . . . . Melee . | . . . . Knockbacks . | . . . . Impact . | . . . . Kinetic . | . . . . Secondary . | . . . . Self-Inflicted Damage . | . . . . Shots . | . . . . Rammed . | . . . . Targets Rammed 4 | . 4 . . Kicked 4 | . 4 . . Crushed . | . . . . Highest Temperature 117 | 18 105 117 96 Average Temperature 38 | 10 42 49 35 Received Heat Transfer 177 | . 36 87 54 Siege Activations . | . . . . Robots Corrupted . | . . . . Combat Hostiles . | . . . . Parts Fried . | . . . . Impact Corruptions . | . . . . Robots Melted . | . . . . Combat Hostiles . | . . . . Parts Melted 2 | . 1 . 1 Heat Transferred 1126 | 111 444 148 423 Parts Sabotaged . | . . . . Parts Stolen . | . . . . Parts Stripped . | . . . . Power Chain Reactions . | . . . . Missiles Intercepted . | . . . . Alert | -11 -10 -10 -9 ------- Run | Jun Mat Min Mat Peak Influence 175 | 15 87 104 175 Initial 33 | . 9 33 5 Average 67 | 7 60 87 70 Maximum Alert Level . | . . . . Low Security (%) 100 | 100 100 100 100 Level 1 . | . . . . Level 2 . | . . . . Level 3 . | . . . . Level 4 . | . . . . Level 5 . | . . . . High Security . | . . . . Max Security . | . . . . Squads Dispatched 2 | . 2 . . Investigation . | . . . . Extermination . | . . . . Reinforcement 2 | . 2 . . Assault . | . . . . Garrison . | . . . . Intercept . | . . . . Searches Triggered . | . . . . Construction Impeded . | . . . . Haulers Reinforced . | . . . . Active Scanning Responses . | . . . . Cargo Convoy Interrupts . | . . . . Stealth | -11 -10 -10 -9 --------- Run | Jun Mat Min Mat Distress Signals 6 | . 1 4 1 Communications Jammed . | . . . . Distress Signals . | . . . . Times Spotted 23 | . 8 4 11 Peak Tracking Total 6 | . 3 2 6 Tactical Retreats 2 | . . . 2 Traps | -11 -10 -10 -9 ------- Run | Jun Mat Min Mat Traps Triggered . | . . . . Indirectly . | . . . . Trap Hack Attempts . | . . . . Triggered . | . . . . Disarmed . | . . . . Reprogrammed . | . . . . Reused . | . . . . Traps Extracted . | . . . . Installed . | . . . . Triggered . | . . . . Machines | -11 -10 -10 -9 ---------- Run | Jun Mat Min Mat Machines Disabled 1 | . . 1 . Max in Single Turn 1 | . . 1 . Machines Repaired . | . . . . Machines Sabotaged . | . . . . Overloaded Fab Kills . | . . . . Hacking | -11 -10 -10 -9 --------- Run | Jun Mat Min Mat Machines Accessed 4 | . 3 . 1 Terminals 4 | . 3 . 1 Fabricators . | . . . . Repair Stations . | . . . . Recycling Units . | . . . . Scanalyzers . | . . . . Garrison Access . | . . . . Total Hacks 7 | . 6 . 1 Successful 3 | . 3 . . Failed 4 | . 3 . 1 Catastrophic 1 | . 1 . . Database Lockouts . | . . . . Manual 6 | . 5 . 1 Terminals 7 | . 6 . 1 Fabricators . | . . . . Repair Stations . | . . . . Recycling Units . | . . . . Scanalyzers . | . . . . Garrison Access . | . . . . Terminal Hacks 1 | . 1 . . Recall Reinforcements 1 | . 1 . . Fabricator Hacks . | . . . . Repair Station Hacks . | . . . . Recycling Unit Hacks . | . . . . Scanalyzer . | . . . . Garrison Access Hacks . | . . . . Unauthorized Hacks 2 | . 2 . . Terminals 2 | . 2 . . Botnet 2 | . 2 . . Fabricators . | . . . . Repair Stations . | . . . . Recycling Units . | . . . . Scanalyzers . | . . . . Garrison Access . | . . . . Data Cores Recovered . | . . . . Used . | . . . . Hacking Detections 4 | . 3 . 1 Full Trace Events . | . . . . Feedback Events . | . . . . Feedback Blocked . | . . . . Robot Schematics Acquired . | . . . . Robots Built . | . . . . Authchips . | . . . . Time . | . . . . Total Robot Build Rating . | . . . . Part Schematics Acquired . | . . . . Parts Built . | . . . . Authchips . | . . . . Time . | . . . . Total Part Build Rating . | . . . . Parts Repaired . | . . . . Time . | . . . . Parts Recycled . | . . . . Recycled Matter . | . . . . Retrieved Matter . | . . . . Retrieved Components . | . . . . Parts Scanalyzed . | . . . . Part Schematics Acquired . | . . . . Parts Damaged . | . . . . Bothacking | -11 -10 -10 -9 ------------ Run | Jun Mat Min Mat Used RIF Installer . | . . . . Robots Hacked . | . . . . Non-combat . | . . . . Combat . | . . . . Robot Hacks Applied . | . . . . Relay Couplers Released . | . . . . Fabnet Peak Effective % . | . . . . Robots Rewired . | . . . . Allies Hacked . | . . . . Hacks Repelled . | . . . . Allies | -11 -10 -10 -9 -------- Run | Jun Mat Min Mat Total Allies . | . . . . Largest Group . | . . . . Highest-Rated Group . | . . . . Highest-Rated Ally . | . . . . Total Orders . | . . . . Ally Attacks . | . . . . Total Damage . | . . . . Kills . | . . . . Allies Corrupted . | . . . . Allies Melted . | . . . . Intel | -11 -10 -10 -9 ------- Run | Jun Mat Min Mat Robot Analysis Total . | . . . . Derelict Logs Recovered 1 | . . 1 . Drone Launches . | . . . . Drone Recoveries . | . . . . Exploration | -11 -10 -10 -9 ------------- Run | Jun Mat Min Mat Turns Passed 1045 | 120 318 446 161 Spaces Moved 611 | 66 211 240 94 Core 2 | 2 . . . Treads . | . . . . Legs 568 | 64 211 240 53 Wheels . | . . . . Hover . | . . . . Flight 41 | . . . 41 Fastest Speed 37 | 50 120 120 37 Average Speed 115 | 123 120 120 87 Slowest Speed 190 | 190 120 120 190 Overloaded Moves . | . . . . Propulsion Burnouts . | . . . . Robots Hopped . | . . . . Cave-ins Triggered . | . . . . Exploration Rate (%) 26 | 4 41 49 13 Regions Visited 3 Branch Regions 1 Pre-discovered Areas . | . . . . Known Exits Taken . | . . . . Unknown Exits Taken 3 | 1 1 1 . Scrap Searched 2 | . . 2 . Spaces Dug 1 | . . 1 . Terrain Destroyed 1 | . . 1 . Melee . | . . . . Projectile 1 | . . 1 . AOE . | . . . . Terrain Rammed . | . . . . Walls Destroyed . | . . . . Machines Disabled . | . . . . Actions | -11 -10 -10 -9 --------- Run | Jun Mat Min Mat Total 852 | 90 242 379 141 Wait 129 | 2 3 123 1 Move 608 | 65 210 239 94 Hop . | . . . . Pick Up 14 | 7 2 1 4 Fast Attach 10 | 7 1 . 2 Attach 3 | . . . 3 Detach 4 | . 1 . 3 Swap 8 | . 1 4 3 Drop 15 | 3 3 3 6 Fire 57 | 6 17 9 25 Melee . | . . . . Ram . | . . . . Kick 4 | . 4 . . Crush . | . . . . Escape Stasis . | . . . . Rewire . | . . . . Trap . | . . . . Miscellaneous . | . . . . Route ------- -11/Junkyard -10/Materials (discovered 2 exits: *Mat / [*Min]) -10/Mines -9/Materials (discovered 1 exit: Min) History --------- Turn | Location | Event 7 | -11/Junkyard | Discovered new exit (range 15) 121 | -11/Junkyard | Entered Materials 244 | -10/Materials | Discovered new exit (range 16) 308 | -10/Materials | Build established: Mutant 424 | -10/Materials | Discovered new exit (range 8) 439 | -10/Materials | Entered Mines 440 | -10/Mines | Assembled infested the area 447 | -10/Mines | Learned location of 1 exit from Materials 864 | -10/Mines | Discovered new exit (range 7) 885 | -10/Mines | Entered Materials 885 | -9/Materials | Evolved 2 slots: Utility x2 886 | -9/Materials | Identified exit to Mines 944 | -9/Materials | Build established: Scavenger-Mutant 1046 | -9/Materials | Self-destructed Last Messages --------------- 00987_ Dropped Sensor Array. 00988_ Acquired 18 matter. 00990_ Acquired Lgt. Ion Engine. 00991_ K-01 Serf collects debris. 00993_ Dropped Imp. Ion Engine. 00993_ Acquired 13 matter. 00994_ Acquired Lgt. Ion Engine. 00995_ K-01 Serf collects debris. 00997_ Acquired Sensor Array. 00998_ K-01 Serf collects debris. 01009_ Acquired Signal Interpreter. 01018_ S-10 Pest destroyed. 01020_ Sensor Array destroyed. 01030_ Lgt. Assault Rifle melted. 01030_ S-10 Pest destroyed. 01038_ Flight Unit destroyed. 01038_ S-10 Pest destroyed. 01039_ Flight Unit destroyed. 01042_ Critical hit (Burn: +37). 01045_ Sml. Laser destroyed. Map ----- +----------------------------------------------------+ | ?????????????????????????????????????????????????? | | ?????????????????????????????????????????????????? | | ?????????????????????????????????????????????????? | | ?????????????????????????????????????????????????? | | ?????????????????????????????????????????????????? | | ??????????????????????????????????? ???????????? | | ??????????????????????????????????? #??????????? | | ??????????????????????????????????# ????????? | | ??????????????????????????????????# ########## | | ??????????????????????????????????# ## # | | ?????????????????????#???? ?? ????# ## "" # | | ??????????????????????????????????# ## "T # | | ???????????????????????????????? ?# ## "" # | | ??????????????????????????#+##+#??# ## # | | ??????????????????????????# #?## ## """ # | | ??????????????????????????# #?## ## """ # | | ??????????????????????????# #### ## """ # | | ????????????????########### ## """ # | | ????????????????#[[[ # ## # | | ????????????????#[[[ # ######+### | | ??????????????#?#[[[ # | | ????????????????# """ + | | ????????????????# Y"""Y# ^ | | ??????????????#?# """%###########+############ | | ????????????????# [%=%*#??????# [%* [#???# | | ????????????????# * @#??????# [#???# " | | ????????????????###########??????# [|||= #???# "" | | ????????????????????##???????????# ||%= #???# "" | | ????????????????????#???????#???## ||= #???# "" | | ????????????????#????????????#???# #?#?# " | | ?????????????????????????????????# #????? | | ?????????????????????????#???????# #???? | | ?????????????????#???????????????# #???#### | | ????????????????#?????#??????????##########??????? | | ??????????????????????#?????#?????#?????????????#? | | | | | | | | | | | | | | | | | | | | | | | | | | | | | | | +----------------------------------------------------+ Best States ------------- Heat Dissipation 28 Energy Generation 12 Energy Capacity 265 Matter Stores 300 Matter Capacity 300 Sight Range 16 Robot Scan Range 14 Terrain Scan Range 16 Terrain Scan Density 10 Armor Coverage 150 Evasion (%) 62 Item Schematics ----------------- None Robot Schematics ------------------ None Fabricated ------------ Nothing Alien Tech Used ----------------- None Achievements -------------- None Challenges ------------ None Game ------ Seed CorruptionParticleDerivative Manual? 0 Play Time 00:18:08 Cumulative 80.8 hours Start 2023.10.18 @ 08:02:54 End 2023.10.18 @ 08:19:49 Sessions 1 Manual Loads 0 Difficulty Rogue Special Mode None Game No. 75 Rogue 75 Adventurer 0 Explorer 0 Win Type - Total 0 Types 0/0/0/0/0/0/0/0/0 Lore% 26 Gallery% 40 Achievement% 34 Wizard Run 0 Options --------- ASCII 1 Keyboard 1 Movement Vi Keybinds 1 Fullscreen 2 Font 24/Smallcaps Map View 76x50 Tactical HUD 1 Map Filters NONE Filters NONE Steam 1 RUN: e65edd71-ec43-4c5d-ab0a-aa975540379e